Map: Ley Lines

Players

ManlyManMeat

  • Race: Protoss Protoss
  • Spawn Location: 7:00

Exe - Winner!

  • Race: Zerg Zerg
  • League: Silver
  • Spawn Location: 1:00

VOD

Have the link to the VOD?

Description

Time

  • Played on: May 14, 2025, 7:12 a.m.
  • Length: 21:42
Show
View Real Time Build Order
Export as new Build Order

ManlyManMeat Protoss 

Build Orders:  

Get SALT Encoding   

  12  0:00  Probe  
  13  0:15  Pylon  
  13  0:17  Probe  
  14  0:29  Probe  
  15  0:41  Gateway  
  15  0:43  Probe  
  16  0:51  Assimilator  
  16  0:52  Probe  
  17  1:01  Probe  
  18  1:14  Probe  
  18  1:16  Pylon  
  19  1:26  Probe  
  20  1:32  Cybernetics Core  
  20  1:36  Forge  
  21  1:51  Zealot  
  22  2:04  Nexus  
  22  2:09  Warp Gate  
  22  2:21  Robotics Facility  
  22  2:25  Zealot  
  22  2:28  Probe  
  24  2:36  Probe  
  26  2:48  Pylon  
  26  2:50  Probe  
  27  2:52  Zealot  
  29  3:15  Probe  
  29  3:19  Zealot  
  32  3:27  Probe  
  33  3:39  Probe x2  
  33  3:51  Probe x2  
  35  3:57  Immortal  
  39  4:06  Probe  
  39  4:07  Probe  
  39  4:08  Robotics Facility  
  40  4:11  Robotics Facility  
  40  4:14  Probe  
  40  4:15  Probe  
  41  4:18  Assimilator  
  41  4:20  Zealot  
  45  4:28  Gateway  
  45  4:29  Assimilator  
  45  4:34  Assimilator  
  45  4:36  Observer  
  46  4:43  Probe  
  46  4:44  Probe  
  48  4:55  Probe  
  48  4:56  Probe  
  48  4:58  Stalker  
  52  5:16  Pylon  
  52  5:19  Gateway  
  52  5:24  Protoss Shields Level 1, Gateway  
  52  5:29  Pylon  
  52  5:36  Photon Cannon  
  52  5:40  Shield Battery  
  52  5:44  Stalker  
  52  5:45  Stalker  
  52  5:47  Probe  
  52  5:48  Probe  
  56  5:50  Immortal  
  56  5:53  Pylon  
  56  5:55  Probe  
  56  5:56  Probe  
  58  6:00  Immortal  
  68  6:32  Zealot  
  70  6:41  Zealot  
  70  6:42  Zealot x2  
  76  6:55  Pylon  
  76  6:59  Shield Battery  
  76  7:01  Pylon  
  76  7:16  Zealot  
  76  7:19  Immortal x2  
  76  7:21  Protoss Ground Weapons Level 1  
  86  7:37  Pylon  
  86  7:40  Pylon  
  86  7:48  Immortal  
  86  7:49  Pylon  
  86  7:50  Pylon  
  86  7:55  Probe x2  
  92  7:59  Stalker x4  
  92  8:00  Immortal  
  100  8:07  Probe x2  
  100  8:08  Immortal  
  106  8:19  Probe x2  
  112  8:50  Pylon  
  112  8:59  Pylon  
  112  9:00  Observer  
  112  9:01  Pylon  
  112  9:04  Nexus  
  106  9:43  Observer  
  57  10:14  Assimilator  
  57  10:20  Probe x3  
  60  10:25  Immortal x2  
  60  10:26  Immortal  
  60  10:32  Probe x2  
  60  10:33  Probe, Zealot x4  
  83  10:37  Gateway  
  83  10:41  Gateway  
  83  10:43  Gateway  
  83  10:44  Probe  
  83  10:47  Twilight Council  
  83  10:48  Pylon  
  83  10:49  Pylon  
  84  10:55  Immortal  
  84  10:59  Immortal x2  
  84  11:00  Stalker  
  84  11:01  Stalker x3  
  104  11:22  Immortal  
  104  11:29  Immortal  
  104  11:35  Sentry  
  104  11:38  Immortal  
  118  11:55  Probe x2  
  118  11:56  Probe  
  118  11:57  Observer  
  118  12:01  Zealot x4  
  128  12:04  Charge  
  128  12:07  Probe x2  
  128  12:08  Probe  
  133  12:14  Robotics Bay  
  133  12:17  Warp Prism  
  135  12:28  Immortal  
  135  12:29  Immortal  
  135  12:35  Stalker x4  
  151  13:05  Colossus  
  151  13:11  Disruptor  
  151  13:12  Disruptor  
  155  13:19  Protoss Shields Level 2  
  165  13:22  Pylon  
  165  13:23  Pylon, Phoenix, Extended Thermal Lance  
  165  13:41  Stalker x2  
  165  13:42  Stalker x2  
  173  14:19  Disruptor  
  173  14:20  Colossus x2  
  128  14:49  Stalker x4  
  120  14:53  Colossus  
  122  15:13  Colossus x2  
  122  15:14  Zealot x4  
  122  15:15  Zealot x3  
  148  15:29  Gravitic Boosters  
  148  15:37  Protoss Air Weapons Level 1  
  148  15:40  Protoss Ground Weapons Level 2  
  148  15:43  Sentry  
  148  15:44  Sentry x2  
  148  15:47  Colossus  
  160  15:56  Pylon  
  122  16:39  Sentry  
  124  16:40  Sentry  
  124  16:42  Zealot x5  
  124  16:43  Colossus x2  
  124  16:45  Colossus  
  150  17:03  Stalker x5  
  128  17:31  Observer  
  124  17:38  Observer  
  126  17:51  Sentry  
  126  17:57  Nexus  
  128  18:02  Nexus  
  128  18:08  Nexus  
  108  18:23  Immortal x2  
  108  18:26  Zealot  
  89  18:27  Zealot x5  
  89  18:28  Zealot  
  89  18:31  Disruptor  
  74  18:49  Assimilator  
  74  18:51  Assimilator  
  66  19:00  Disruptor  
  66  19:01  Stalker x7  
  83  19:25  Observer  
  83  19:26  Observer  
  85  19:39  Probe  
  85  19:42  Probe  
  87  19:51  Probe  
  88  19:54  Probe  
  89  20:07  Disruptor  
  93  20:28  Stalker x4  
  101  20:37  Assimilator x2  
  101  20:39  Assimilator  
  101  20:40  Assimilator  
  85  21:24  Stalker x2  
Show
View Real Time Build Order
Export as new Build Order

Exe Zerg - Winner!

Build Orders: Pool First, Roach Hydra 

Get SALT Encoding   

  12  1:00  Drone x2  
  14  1:09  Drone, Spawning Pool  
  14  1:12  Hatchery  
  14  1:15  Drone  
  14  1:32  Overlord  
  14  1:41  Drone, Extractor  
  15  1:56  Drone x2  
  17  2:01  Extractor  
  17  2:08  Queen  
  18  2:17  Drone x2  
  20  2:29  Queen  
  22  2:30  Drone  
  22  2:33  Drone  
  24  2:40  Drone  
  24  2:43  Queen  
  27  2:44  Overlord  
  27  2:50  Drone  
  28  2:57  Roach Warren  
  28  2:58  Drone  
  28  2:59  Overlord  
  27  3:14  Spine Crawler  
  27  3:16  Queen  
  27  3:33  Queen  
  29  3:40  Drone x5  
  34  3:45  Drone  
  34  3:46  Drone  
  36  3:51  Drone  
  36  3:52  Drone  
  38  4:01  Overlord  
  38  4:12  Drone x2  
  38  4:15  Lair  
  40  4:19  Drone  
  40  4:20  Drone x2  
  43  4:27  Drone x2  
  43  4:28  Drone x2  
  43  4:30  Overlord  
  47  4:42  Drone  
  47  4:43  Drone x4  
  52  4:46  Extractor  
  52  4:47  Extractor  
  50  5:04  Hatchery  
  49  5:09  Overlord x2  
  49  5:18  Overseer  
  49  5:32  Drone x2  
  49  5:33  Drone  
  49  5:34  Overlord x2  
  52  5:53  Hydralisk Den  
  51  6:05  Roach x6  
  63  6:12  Spore Crawler, Queen  
  63  6:13  Glial Reconstitution, Extractor  
  63  6:16  Drone  
  63  6:17  Drone x2  
  66  6:30  Grooved Spines  
  66  6:31  Hydralisk x2  
  70  6:34  Hydralisk x2  
  74  6:56  Drone  
  74  6:57  Drone x4  
  79  7:06  Hydralisk x2  
  79  7:07  Hydralisk x3  
  79  7:08  Overlord  
  89  7:12  Evolution Chamber  
  89  7:14  Evolution Chamber  
  87  7:17  Drone, Evolution Chamber  
  87  7:27  Infestation Pit  
  86  7:32  Hydralisk x6  
  98  7:38  Overlord x2  
  98  7:52  Extractor, Zerg Melee Weapons Level 1, Spore Crawler  
  98  7:53  Zerg Missile Weapons Level 1  
  98  7:55  Zerg Ground Armor Level 1  
  96  8:02  Drone x5  
  101  8:22  Overseer  
  101  8:23  Pneumatized Carapace  
  101  8:26  Drone x2  
  101  8:27  Drone x2, Overlord x2  
  104  8:31  Hive  
  105  8:35  Drone x6  
  111  8:43  Drone x4, Extractor  
  111  8:44  Overlord x2  
  114  9:10  Roach  
  114  9:11  Roach x4  
  124  9:18  Roach  
  124  9:19  Roach x4  
  134  9:28  Muscular Augments  
  134  9:32  Roach x3  
  134  9:33  Roach x3  
  116  9:47  Zergling x10  
  116  9:50  Roach  
  116  9:51  Roach x3  
  103  10:06  Queen  
  101  10:07  Queen  
  101  10:11  Zerg Missile Weapons Level 2, Zerg Ground Armor Level 2, Zerg Melee Weapons Level 2  
  101  10:14  Queen  
  103  10:20  Metabolic Boost  
  105  10:23  Infestor  
  105  10:24  Drone, Overlord  
  108  10:36  Hatchery  
  107  10:44  Queen  
  109  10:51  Queen  
  111  11:18  Hatchery  
  110  11:39  Zergling x12  
  116  11:42  Adrenal Glands  
  118  11:47  Roach x7  
  118  11:48  Roach x4  
  138  12:14  Zergling x18  
  147  12:19  Zergling x2  
  147  12:20  Zergling x8  
  152  12:27  Spire  
  151  12:31  Spire  
  150  12:37  Zergling x2  
  150  12:38  Zergling x14  
  158  12:46  Drone  
  158  12:47  Drone  
  160  12:58  Queen  
  160  13:00  Overlord x4  
  160  13:03  Queen  
  160  13:04  Drone  
  160  13:05  Drone  
  166  13:07  Overlord x3  
  166  13:08  Overlord  
  166  13:13  Extractor  
  166  13:14  Extractor  
  166  13:17  Tunneling Claws, Lurker Den  
  163  13:23  Queen  
  165  13:33  Hydralisk  
  165  13:34  Hydralisk x6  
  179  13:51  Drone x2  
  179  13:52  Drone  
  182  14:02  Zerg Flyer Weapons Level 1  
  182  14:03  Zerg Flyer Armor Level 1  
  126  15:14  Adaptive Talons  
  126  15:17  Zergling x2  
  126  15:18  Zergling x14  
  134  15:21  Ravager x4  
  134  15:22  Ravager x3  
  134  15:25  Hydralisk  
  134  15:26  Hydralisk x8  
  159  15:32  Zerg Melee Weapons Level 3  
  159  15:33  Zerg Missile Weapons Level 3, Zerg Ground Armor Level 3  
  159  15:44  Drone x5  
  159  15:45  Drone  
  159  15:48  Hatchery  
  164  15:50  Spore Crawler, Queen  
  164  15:55  Hydralisk  
  164  15:56  Hydralisk x7  
  181  15:58  Lurker  
  181  15:59  Lurker x5  
  181  16:02  Hydralisk  
  181  16:03  Hydralisk x4  
  160  16:35  Seismic Spines  
  160  16:40  Zerg Flyer Weapons Level 2  
  160  16:41  Zerg Flyer Armor Level 2  
  160  16:45  Corruptor x4  
  160  16:46  Corruptor x9  
  186  16:52  Zergling x6  
  186  16:53  Zergling x6  
  167  17:36  Zergling x12  
  173  17:39  Zergling x2  
  173  17:40  Zergling x8  
  178  17:45  Roach x6  
  178  17:46  Roach x4  
  178  17:50  Lurker  
  199  17:51  Lurker  
  199  17:56  Extractor  
  199  17:57  Drone  
  200  17:58  Extractor  
  199  18:09  Nydus Network  
  169  18:59  Hydralisk  
  169  19:00  Hydralisk x13  
  197  19:14  Hatchery  
  196  19:20  Greater Spire  
  196  19:40  Nydus Canal  
  196  19:43  Lurker x3  
  196  19:44  Lurker  
Tags
 
Composition
Roach Hydra
League
Silver
Matchup
PvZ
Opening
Pool First
Spawn Locations
Cross Positions
Add a new tag
Caveats
  • Supply blocks, unpowered buildings, or Contaminate may cause inaccurate times.
  • Supply counts are checked every 10 seconds.